General information
- name: jus
- type: Custom game
- host: ROTS19
- saver: ROTS19
map: PhantomGrove
- players: 2
- length: 24:28
- speed: Fast
- version: 1.24 W3XP
- replay type: Public
» download(66 KB)
Players
team 1 (winner)

»
ROTS19 (
yellow | 61 APM | 1484 actions | 24:28)
5 Blademaster
3 Wind Walk
2 Critical Strike
5 Tauren Chieftain
3 Shockwave
2 Endurance Aura
» actions
| Assign group hotkey | 66 | |
| Basic commands | 67 | |
| Build / train | 68 | |
| Enter build submenu | 24 | |
| Enter hero's abilities submenu | 10 | |
| Give item / drop item | 1 | |
| Remove unit from queue | 1 | |
| Right click | 479 | |
| Select / deselect | 318 | |
| Select group hotkey | 345 | |
| Use ability | 105 | |
1484 total
» units
| Peon | 10 | |
| Grunt | 12 | |
| Raider | 8 | |
| Spirit Walker | 2 | |
32 total
» upgrades
| Armor | 3 | |
| Berserker Strength | 1 | |
| Pillage | 1 | |
| Ensnare | 1 | |
| Spirit Walker Training | 2 | |
| Reinforced Defenses | 1 | |
| Melee Weapons | 1 | |
10 total
» buildings
| Altar of Storms | 1 | |
| Barracks | 1 | |
| Orc Burrow | 5 | |
| Voodoo Lounge | 1 | |
| War Mill | 1 | |
| Stronghold | 1 | |
| Watch Tower | 5 | |
| Beastiary | 1 | |
| Spirit Lodge | 1 | |
| Fortress | 1 | |
| Great Hall | 1 | |
19 total
» build order
00:12 Altar of Storms
00:17 Barracks
00:30 Orc Burrow
02:13 Orc Burrow
02:28 Voodoo Lounge
04:13 War Mill
04:19 Orc Burrow
05:08 Stronghold
05:29 Watch Tower
07:08 Orc Burrow
07:30 Watch Tower
08:01 Beastiary
08:18 Spirit Lodge
12:02 Orc Burrow
12:06 Watch Tower
14:56 Watch Tower
15:00 Watch Tower
16:11 Fortress
21:21 Great Hall
» items
| Healing Salve | 5 | |
| Lesser Clarity Potion | 1 | |
| Scroll of Speed | 1 | |
| Potion of Healing | 1 | |
| Potion of Mana | 1 | |
| Scroll of Town Portal | 2 | |
11 total
team 2 (loser)

»
Guitar-God (
red | 35 APM | 847 actions | 24:27)
4 Priestess of the Moon
2 Searing Arrows
2 Trueshot Aura
2 Dark Ranger
1 Black Arrow
1 Life Drain
» actions
| Assign group hotkey | 7 | |
| Basic commands | 61 | |
| Build / train | 67 | |
| Enter build submenu | 18 | |
| Enter hero's abilities submenu | 6 | |
| Right click | 244 | |
| Select / deselect | 390 | |
| Select group hotkey | 9 | |
| Use ability | 45 | |
847 total
» units
| Wisp | 13 | |
| Archer | 19 | |
| Huntress | 10 | |
| Hippogryph | 5 | |
47 total
» upgrades
| Strength of the Moon | 3 | |
| Moon Armor | 2 | |
| Improved Bows | 1 | |
| Ultravision | 1 | |
| Hippogryph Taming | 1 | |
8 total
» buildings
| Altar of Elders | 1 | |
| Moon Well | 7 | |
| Ancient of War | 3 | |
| Ancient of Wonders | 2 | |
| Hunter's Hall | 1 | |
| Tree of Ages | 1 | |
| Ancient Protector | 1 | |
| Ancient of Wind | 2 | |
| Tree of Eternity | 1 | |
| Tree of Life | 1 | |
20 total
» build order
00:07 Altar of Elders
00:15 Moon Well
00:20 Ancient of War
02:15 Moon Well
02:30 Ancient of War
03:14 Ancient of Wonders
04:28 Hunter's Hall
04:38 Ancient of Wonders
04:58 Moon Well
07:09 Tree of Ages
08:54 Moon Well
09:53 Moon Well
11:54 Ancient of War
12:14 Moon Well
12:36 Ancient Protector
13:12 Ancient of Wind
14:39 Ancient of Wind
14:45 Moon Well
16:23 Tree of Eternity
19:39 Tree of Life
» items
| Potion of Healing | 1 | |
| Potion of Mana | 1 | |
2 total
Chat log
(04:28 / All) ROTS19: I'll be BACK.
(13:34 / All) ROTS19: gold please
(17:28 / All) ROTS19: shit
(24:06 / All) ROTS19: lol
(24:19 / All) ROTS19: gg